 Dungeon Crawl Stone Soup version 0.27-a0-1431-gcffa5a9b16 (webtiles) character file.

Game seed: 6012887500082580375

61 Sobieck the Stinger (level 4, 0/27 HPs)
             Began as an Octopode Venom Mage on July 2, 2021.
             Slain by Blork the orc (4 damage)
             ... on level 3 of the Dungeon.
             The game lasted 00:06:09 (2305 turns).

Sobieck the Stinger (Octopode Venom Mage)           Turns: 2305, Time: 00:06:10

Health: 0/27       AC:  1    Str:  7    XL:     4   Next: 7%
Magic:  6/8        EV: 13    Int: 18    God:
Gold:   89         SH:  0    Dex: 12    Spells: 6/9 levels left

rFire    . . .     SeeInvis .   g - +0 dagger {short}
rCold    . . .     Faith    .   (no shield)
rNeg     . . .     Spirit   .   (helmet restricted)
rPois    .         Reflect  .   (no amulet)
rElec    .         Harm     .   (no ring)
rCorr    .         Rampage  .   (no ring)
Will     .....                  (no ring)
Stlth    +++.......             (no ring)
HPRegen  0.09/turn              (no ring)
MPRegen  0.11/turn              (no ring)
                                (no ring)
                                (no ring)

@: very slightly contaminated, invisible
A: almost no armour, amphibious, 8 rings, camouflage 1, gelatinous body 1,
(nimble swimmer 1), tentacles
a: no special abilities


You were on level 3 of the Dungeon.
You visited 1 branch of the dungeon, and saw 4 of its levels.

You collected 89 gold pieces.


Innate Abilities, Weirdness & Mutations

You cannot wear most types of armour.
You are amphibious.
You can wear up to eight rings at the same time.
Your skin changes colour to match your surroundings (Stealth+).
Your rubbery body absorbs attacks. (AC +1, EV +1)
((You are camouflaged near water. (Stealth+)))
You have tentacles for arms and can constrict up to eight enemies at once.


   Skills:
 - Level 2.0 Dodging
 - Level 2.6 Stealth
 + Level 3.1 Spellcasting
 + Level 2.7 Transmutations
 - Level 3.6 Poison Magic


You had 6 spell levels left.
You knew the following spells:

 Your Spells              Type           Power      Damage    Failure   Level
a - Sting                 Tmut/Pois      56%        1d5       4%          1
b - Poisonous Vapours     Pois/Air       18%        N/A       12%         2

Your spell library contained the following spells:

 Spells                   Type           Power      Damage    Failure   Level
 Animate Skeleton         Necr           4%         N/A       16%         1
 Pain                     Necr           8%         1d4       16%         1
 Shock                    Conj/Air       8%         1d3       16%         1
 Ignite Poison            Fire/Tmut/Pois 10%        N/A       21%         3
 Mephitic Cloud           Conj/Pois/Air  7%         N/A       30%         3
 Olgreb's Toxic Radiance  Pois           15%        N/A       36%         4
 Swiftness                Air            2%         N/A       43%         3
 Vampiric Draining        Necr           1%         2d6       43%         3
 Airstrike                Air            1%         N/A       85%         4

Inventory:

Hand Weapons
 b - a +0 flail {mace}
   (You found it on level 3 of the Dungeon)
 c - a +0 rapier {short}
   (You found it on level 3 of the Dungeon)
 d - a +0 whip {mace}
   (You took it off a kobold on level 1 of the Dungeon)
 g - a +0 dagger (weapon) {short}
   (You took it off a goblin on level 1 of the Dungeon)
 h - a +0 dagger {short}
   (You found it on level 2 of the Dungeon)
 i - a +0 dagger {short}
   (You found it on level 2 of the Dungeon)
 j - a +0 whip {mace}
   (You found it on level 2 of the Dungeon)
 m - a +0 club {mace}
   (You took it off a kobold on level 2 of the Dungeon)
 n - a +0 dagger {short}
   (You took it off a kobold on level 2 of the Dungeon)
Missiles
 a - 68 stones {throwing}
 p - 27 arrows
Magical Staves
 l - a staff of cold {!astaff}
   (You found it on level 1 of the Dungeon)
Scrolls
 o - a scroll of holy word {unknown}
 r - a scroll of immolation {unknown}
 s - a scroll of amnesia {unknown}
Potions
 e - 2 potions of attraction {!q}
 f - a potion of mutation {!q}

Dungeon Overview and Level Annotations

Branches:
Dungeon (4/15)
 Temple: D:4-7

Altars:

Shops:
D:2 *

Annotations:
D:3 Blork the orc

### ###### #..
... . #.# #g#.#
#.###.#.###.#
#.##.........
####.##.>#.###.#
#....o.........#
#.##.@.....#####
#.####..####
#.......#
#.##.#.##
#......#
#.##.#.# # #.#.#
#.##.#.#
#......#


You could see Blork the orc (fast, very poisoned) and a hobgoblin (wandering).


Message History

You climb downwards.
There is a stone staircase leading up here.
A rat is nearby!
Unknown command.
A rat is nearby!
There is an empty arch of ancient stone here.
The sting hits the rat.
The rat is poisoned.
You kill the rat! 😎 MP[-1]
You lost 1 mp, and now have 7/8 mp.
Found Ankaopijo's Assorted Antiques.
Found a faded altar of an unknown god. 😎 MP[+1]
Your mp is fully restored (8).
No target in view!
o - a scroll labelled TISUOL HYCO
p - 27 arrows
There is an entrance to Ankaopijo's Assorted Antiques here.
Unknown command.
q - a scroll of identify {@r1}
r - a scroll labelled TEZXET URITIR
s - a scroll labelled PASMIA MOUDD
As you read the scroll of identify {@r1}, it crumbles to dust.
f - a potion of mutation
(D) Dungeon
Where to? (Enter - D:2, ? - help)
There is a stone staircase leading up here.
There is a stone staircase leading down here.
You climb downwards.
There is a stone staircase leading up, spattered with blood here.
(D) Dungeon
Where to? (Enter - D:3, ? - help)
There is a stone staircase leading down here.
You climb downwards.
Level annotation: Blork the orc
There is a stone staircase leading up here.
There are monsters nearby!
Unknown command.
g - a +0 dagger (weapon)
{short} The helpless dart slug fails to defend itself.
You hit the dart slug. You grab the dart slug. You constrict the dart slug.
The dart slug launches a dart at you. The slug dart misses you.
You constrict the dart slug. The dart slug barely misses you.
You constrict the dart slug. You constrict the dart slug.
You kill the dart slug!
The endoplasm quivers.
Blork the orc hits you with a +0 long sword!
You climb upwards.
There is a stone staircase leading down here. 😮 HP[-8]
You take 8 damage, and now have 19/27 hp.
MASSIVE DAMAGE!! (PAUSE)
Casting: Sting (safe; 4% risk of failure)
Confirm with . or Enter, or press ? or * to list all spells.
Aiming: Sting (safe; 4% risk of failure)
Press: ? - help, Shift-Dir - straight line, f - Blork the orc
Aim: Blork the orc, wielding a +0 long sword and wearing a +0 robe (75% to hit)
The sting hits Blork the orc.
Blork the orc is poisoned.
Blork the orc looks satisfied for a moment. 😮 MP[-1]
You lost 1 mp, and now have 7/8 mp.
Casting: Sting (safe; 4% risk of failure)
Confirm with . or Enter, or press ? or * to list all spells.
Aiming: Sting (safe; 4% risk of failure)
Press: ? - help, Shift-Dir - straight line, f/p - Blork the orc
Aim: Blork the orc, wielding a +0 long sword and wearing a +0 robe (lightly wounded, poisoned, 75% to hit)
The sting hits Blork the orc but does no damage.
Blork the orc looks even sicker.
Blork the orc hits you with a +0 long sword!
* * * LOW HITPOINT WARNING * * *
😨 HP[-7] MP[-1]
You take 7 damage, and now have 12/27 hp.
MASSIVE DAMAGE!! (PAUSE)
You lost 1 mp, and now have 6/8 mp.
Casting: Sting (safe; 4% risk of failure)
Confirm with . or Enter, or press ? or * to list all spells.
Aiming: Sting (safe; 4% risk of failure)
Press: ? - help, Shift-Dir - straight line, f/p - Blork the orc
Aim: Blork the orc, wielding a +0 long sword and wearing a +0 robe (lightly wounded, very poisoned, 75% to hit)
The sting hits Blork the orc.
Blork the orc looks even sicker.
Blork the orc misses you. 😨 MP[-1]
You lost 1 mp, and now have 5/8 mp.
Unknown command.
Blork the orc casts a spell.
Blork the orc seems to speed up.
You hear a shout!
Blork the orc points at you and mumbles some strange words.
The magic dart hits you!
* * * LOW HITPOINT WARNING * * *
😱 HP[-9]
You take 9 damage, and now have 3/27 hp.
MASSIVE DAMAGE!! (PAUSE)
You fade into invisibility!
A hobgoblin comes into view.
You are very lightly contaminated with residual magic. 😱 MP[+1] Blork the orc hits you with a +0 long sword.
You die...

Skill      XL: |  1  2  3 |
---------------+----------+-----
Transmutations | 2 |  2.7
Spellcasting   | 3 |  3.1
Dodging        | |  2.0
Stealth        | |  2.6
Poison Magic   | |  3.6

Action                   |  1- 3 |  4- 6 || total
-------------------------+-------+-------++-------
Melee: Unarmed           |    22 |       ||    22
       Constrict         |     7 |     1 ||     8
       Tentacles         |     1 |       ||     1
       Dagger            |       |     1 ||     1
 Cast: Sting             |    49 |     4 ||    53
       Poisonous Vapours |     2 |       ||     2
  Use: Scroll            |     4 |     1 ||     5
       Potion            |       |     1 ||     1
 Stab: Sleeping          |       |     1 ||     1
Armor: Skin              |     1 |       ||     1
Dodge: Dodged            |    32 |     3 ||    35

Levels and vault maps discovered:
D:1:      grunt_arrival_crossed_arrows, layout_rooms
D:2:      layout_rooms, serial_shops, shop,
          hellmonk_ecumenical_altar_arch_garden
D:3:      minmay_bubble_buster, layout_loops_cross
D:4:      layout_basic, lemuel_coloured_pillars_altar, minmay_distorted,
          uniq_blork_the_orc, uniq_grinder

Notes
Turn   | Place    | Note
-------+----------+-------------------------------------------
     0 | D:1      | Sobieck the Octopode Venom Mage began the quest for the
                  | Orb.
     0 | D:1      | Reached XP level 1. HP: 11/11 MP: 3/3
     0 | D:1      | magus.rc [v1.9.6]
    96 | D:2      | HP: 2/11 [hobgoblin (4)]
   386 | D:3      | You pick up a book of Necromancy and begin reading...
   386 | D:3      | You add the spells Pain, Animate Skeleton and Vampiric
                  | Draining to your library.
   396 | D:4      | Noticed Blork the orc
   438 | D:1      | Reached XP level 2. HP: 12/17 MP: 3/5
  1090 | D:1      | Reached skill level 2 in Transmutations
  1094 | D:1      | Reached XP level 3. HP: 9/21 MP: 0/6
  1397 | D:1      | Learned a level 2 spell: Poisonous Vapours
  1828 | D:2      | You pick up a book of Air and begin reading...
  1828 | D:2      | You add the spells Shock, Swiftness and Airstrike to your
                  | library.
  2034 | D:2      | Reached skill level 3 in Spellcasting
  2108 | D:2      | Reached XP level 4. HP: 20/27 MP: 2/8
  2207 | D:2      | Found a faded altar of an unknown god.
  2207 | D:2      | Found Ankaopijo's Assorted Antiques.
  2300 | D:3      | HP: 3/27 [Blork the orc/magic dart (9)]
  2305 | D:3      | Slain by Blork the orc

Vanquished Creatures
  2 adders (D:2)
  3 dart slugs
  4 ball pythons
  2 endoplasms (D:3)
  A giant cockroach (D:2)
  A goblin (D:1)
  4 hobgoblins (D:2)
  4 jackals (D:1)
  3 kobolds
  A quokka (D:2)
  3 bats
  2 frilled lizards (D:1)
  5 rats
35 creatures vanquished.

Table legend:
 A = Non-vault XP
 B = Vault XP
 C = Vault XP percentage of total XP
 D = Non-vault monster count
 E = Vault monster count
 F = Vault count percentage of total count
                 A         B        C        D         E       F
            +---------+---------+-------+---------+---------+-------
      Total |      88 |       0 |   0.0 |      35 |       0 |   0.0
            +---------+---------+-------+---------+---------+-------
        D:1 |      29 |       0 |   0.0 |      15 |       0 |   0.0
        D:2 |      51 |       0 |   0.0 |      17 |       0 |   0.0
        D:3 |       4 |       0 |   0.0 |       2 |       0 |   0.0
        D:4 |       4 |       0 |   0.0 |       1 |       0 |   0.0
            +---------+---------+-------+---------+---------+-------

Illustrated notes

Table legend:
 A = Kills in this place as a percentage of kills in entire the game.
 B = Kills by you in this place as a percentage of kills by you in the entire game.
 C = Kills by friends in this place as a percentage of kills by friends in the entire game.
 D = Other kills in this place as a percentage of other kills in the entire game.
 E = Experience gained in this place as a percentage of experience gained in the entire game.
 F = Experience gained in this place divided by the number of levels of this place that you have seen.
                   A       B       C       D       E      F
               +-------+-------+-------+-------+-------+----------------------
         Total | 100.0 | 100.0 |   N/A |   N/A | 100.0 |  22.0
       Dungeon | 100.0 | 100.0 |   N/A |   N/A | 100.0 |  22.0
               +-------+-------+-------+-------+-------+----------------------

Table legend: (Time is in decaauts)
 A = Elapsed time spent in this place.
 B = Non-inter-level travel time spent in this place.
 C = Inter-level travel time spent in this place.
 D = Time resting spent in this place.
 E = Time spent auto-exploring this place.
 F = Levels seen in this place.
 G = Mean time per level.
                   A        B        C        D        E       F      G
               +--------+--------+--------+--------+--------+-----+--------+
         Total |   2315 |   2173 |    142 |   1195 |    646 |   4 |  578.8 |
       Dungeon |   2315 |   2173 |    142 |   1195 |    646 |   4 |  578.8 |
               +--------+--------+--------+--------+--------+-----+--------+

Top non-repeatable levels by time:
     D:1: 1252 daAuts
     D:2: 912 daAuts
     D:3: 134 daAuts
     D:4: 15 daAuts
